 Dungeon Crawl Stone Soup version 0.28-a0-1555-g9ae15a6949 (webtiles) character file.

Game seed: 2211272323324002527

4 ytrimaz the Skirmisher (level 1, 0/18 HPs)
             Began as a Demonspawn Berserker on Jan 18, 2022.
             Was a Follower of Trog.
             Slain by a bat (1 damage)
             ... on level 1 of the Dungeon.
             The game lasted 00:00:23 (146 turns).

ytrimaz the Skirmisher (Demonspawn Berserker)        Turns: 146, Time: 00:00:23

Health: 0/18       AC:  2    Str: 17    XL:     1   Next: 50%
Magic:  1/1        EV: 12    Int:  8    God:    Trog [*.....]
Gold:   0          SH:  0    Dex: 12    Spells: 0/0 levels left

rFire   . . .      SeeInvis .   a - +0 short sword
rCold   . . .      Faith    .   (no shield)
rNeg    . . .      Spirit   .   b - +0 animal skin
rPois   .          Reflect  .   (no helmet)
rElec   .          Harm     .   (no cloak)
rCorr   .          Rampage  .   (no gloves)
Will    .....                   (no boots)
Stlth   +.........              (no amulet)
HPRegen 0.06/turn               (no ring)
MPRegen 0.07/turn               (no ring)

@: no status effects
A: no striking features
a: Renounce Religion, Berserk


You were on level 1 of the Dungeon.
You worshipped Trog.
Trog was aware of your devotion.
You visited 1 branch of the dungeon, and saw 1 of its levels.

Inventory:

Hand Weapons
 a - a +0 short sword (weapon)
Armour
 b - a +0 animal skin (worn)
Jewellery
 c - a ring of flight
Scrolls
 d - a scroll of fear {unknown}


   Skills:
 + Level 3.1 Fighting
 + Level 2.7 Short Blades
 * Level 1.8 Armour
 * Level 1.8 Dodging


You couldn't memorise any spells.
You didn't know any spells.
Your spell library was empty.

Dungeon Overview and Level Annotations

Branches:
Dungeon (1/15)

Altars:


Message History

You closely miss the hobgoblin. The hobgoblin hits you.
You are too injured to fight recklessly!
You are too injured to fight recklessly!
You hit the hobgoblin but do no damage. The hobgoblin barely misses you.
You hit the hobgoblin.
The hobgoblin is lightly wounded.
The hobgoblin hits you.
* * * LOW HITPOINT WARNING * * *
You hit the hobgoblin.
You kill the hobgoblin!
Trog accepts your kill. The bat hits you but does no damage.
The bat completely misses you. The bat closely misses you.
You see here a hobgoblin corpse.
Found a bubbling dark potion.
The bat completely misses you.
You see here 7 gold pieces.
The bat completely misses you. The bat misses you.
You barely miss the bat. The bat misses you.
The bat hits you but does no damage. The bat barely misses you.
The bat closely misses you.
You miss the bat. The bat barely misses you. The bat hits you.
* * * LOW HITPOINT WARNING * * *
The bat hits you but does no damage. The bat misses you.
You closely miss the bat. The bat misses you.
You closely miss the bat. The bat hits you but does no damage.
You hit the bat.
The bat is moderately wounded.
The bat hits you.
* * * LOW HITPOINT WARNING * * *
You start resting.
The bat hits you.
* * * LOW HITPOINT WARNING * * *
The bat hits you but does no damage.
A bat is nearby!
A bat is nearby!
Unknown command.
You completely miss the bat.
The bat is moderately wounded.
The bat misses you. The bat hits you.
You die...

.
#........'.......'.....#
.
##^....###........####.#
#.(...# #..##+##..#
#.....##..##...##.#
##+##.....#..#..#.#
..##..#.#)#.#.#
..###.+.!#†.'.#
#.#.#b#.#.# #.@#..#.#
##...##.# ##+##..# ..#
... .###


You could see a bat.

Vanquished Creatures
  An endoplasm (D:1)
  A hobgoblin (D:1)
  A ball python (D:1)
  A rat (D:1)
4 creatures vanquished.

Notes
Turn   | Place    | Note
-------+----------+-------------------------------------------
     0 | D:1      | ytrimaz the Demonspawn Berserker began the quest for the
                  | Orb.
     0 | D:1      | Reached XP level 1. HP: 18/18 MP: 1/1
   146 | D:1      | Slain by a bat

Illustrated notes

Levels and vault maps discovered:
D:1:      matt_arrival_refuge, layout_basic, minmay_box_of_dots

Action                   || total
-------------------------++-------
Melee: Short sword       ||    18
Armor: Animal skin       ||     7
Dodge: Dodged            ||    20

Table legend: (Time is in decaauts)
 A = Elapsed time spent in this place.
 B = Non-inter-level travel time spent in this place.
 C = Inter-level travel time spent in this place.
 D = Time resting spent in this place.
 E = Time spent auto-exploring this place.
 F = Levels seen in this place.
 G = Mean time per level.
                   A        B        C        D        E       F      G
               +--------+--------+--------+--------+--------+-----+--------+
         Total |    145 |    145 |      0 |      0 |    113 |   1 |  145.0 |
       Dungeon |    145 |    145 |      0 |      0 |    113 |   1 |  145.0 |
               +--------+--------+--------+--------+--------+-----+--------+

Top non-repeatable levels by time:
     D:1: 145 daAuts
